 Dungeon Crawl Stone Soup version 0.27-a0-732-ga892ba84f6 (webtiles) character file.

Game seed: 8365614933920280890

179 rageheart7 the Chopper (level 5, -1/43 HPs)
             Began as a Gnoll Wanderer on Mar 23, 2021.
             Slain by a worker ant (5 damage)
             ... on level 3 of the Dungeon.
             The game lasted 00:04:54 (4488 turns).

rageheart7 the Chopper (Gnoll Wanderer)             Turns: 4488, Time: 00:04:54

Health: -1/43      AC:  7    Str: 15    XL:     5   Next: 59%
Magic:  7/7        EV: 10    Int: 10    God:
Gold:   215        SH:  3    Dex: 10    Spells: 7/7 levels left

rFire    . . .     SeeInvis .   g - +0 hand axe
rCold    . . .     Faith    .   h - +0 buckler
rNeg     . . .     Spirit   .   e - +0 ring mail
rPois    .         Reflect  .   (no helmet)
rElec    .         Harm     .   m - +0 cloak
rCorr    .         Rampage  .   (no gloves)
Will     .....                  (no boots)
Stlth    +.........             (no amulet)
HPRegen  0.14/turn              (no ring)
MPRegen  0.10/turn              (no ring)

@: no status effects
A: fangs 1, strong nose, distributed training
a: no special abilities


You were on level 3 of the Dungeon.
You visited 1 branch of the dungeon, and saw 4 of its levels.

You collected 215 gold pieces.

Inventory:

Hand Weapons
 c - a +0 hand crossbow
 g - a +0 hand axe (weapon)
Missiles
 d - 26 bolts
Armour
 e - a +0 ring mail (worn)
 h - a +0 buckler (worn)
 m - a +0 cloak (worn)
Scrolls
 b - 2 scrolls of fear
 f - a scroll of fog {unknown}


   Skills:
 + Level 4.8 Fighting
 + Level 1.5 Short Blades
 + Level 1.5 Long Blades
 + Level 6.7 Axes
 + Level 1.5 Maces & Flails
 + Level 1.5 Polearms
 + Level 1.5 Staves
 + Level 1.5 Slings
 + Level 1.5 Bows
 + Level 3.0 Crossbows
 + Level 3.0 Throwing
 + Level 4.8 Armour
 + Level 1.5 Dodging
 + Level 2.8 Stealth
 + Level 1.5 Shields
 + Level 1.5 Unarmed Combat
 + Level 1.5 Spellcasting
 + Level 1.2 Conjurations
 + Level 1.2 Hexes
 + Level 1.2 Summonings
 + Level 1.2 Necromancy
 + Level 1.2 Translocations
 + Level 1.2 Transmutations
 + Level 1.2 Fire Magic
 + Level 1.2 Ice Magic
 + Level 1.2 Air Magic
 + Level 1.2 Earth Magic
 + Level 1.2 Poison Magic
 + Level 1.7 Invocations
 + Level 1.5 Evocations


You had 7 spell levels left.
You didn't know any spells.
Your spell library contained the following spells:

 Spells                   Type           Power      Damage    Failure   Level
 Corona                   Hex            3%         N/A       45%         1
 Ensorcelled Hibernation  Hex/Ice        6%         N/A       58%         2
 Confusing Touch          Hex            3%         N/A       83%         3
 Dazzling Flash           Conj/Hex       6%         N/A       83%         3
 Tukima's Dance           Hex            3%         N/A       83%         3


Dungeon Overview and Level Annotations

Branches:
Dungeon (4/15)
 Temple: D:4-7

Altars:
Sif Muna
Trog

Annotations:
D:3 1 runed translucent door, Crazy Yiuf


Innate Abilities, Weirdness & Mutations

You have very sharp teeth.
Your uncanny sense of smell can sniff out nearby items.
Your experience applies equally to all skills.


Message History

You are no longer poisoned.
There is a stone staircase leading down here.
You hit the hound.
The hound is severely wounded.
You hit the worker ant but do no damage.
The hound bites you but does no damage.
The worker ant bites you but does no damage.
The hound bites you but does no damage.
You hit the hound. Your bite misses the hound.
The hound is almost dead.
You hit the worker ant but do no damage.
The hound closely misses you. The worker ant bites you.
You are poisoned.
The worker ant poisons you! The hound bites you.
You hit the hound.
You kill the hound!
You barely miss the worker ant.
You feel extremely sick.
The worker ant bites you but does no damage.
The worker ant misses you.
Your Crossbows skill increases to level 3!
Your Throwing skill increases to level 3!
You aren't carrying any potions.
You barely miss the worker ant.
You feel sick. The worker ant bites you.
You hit the worker ant.
You bite the worker ant, but do no damage.
The worker ant is moderately wounded.
You feel sick. The worker ant bites you.
* * * LOW HITPOINT WARNING * * *
You hit the worker ant.
The worker ant is moderately wounded.
You feel sick.
You are no longer poisoned.
The worker ant bites you.
* * * LOW HITPOINT WARNING * * *
You barely miss the worker ant.
The worker ant is moderately wounded.
The worker ant bites you but does no damage.
The worker ant bites you.
You die...

# #)#........#..#..# #....# ##
####.#.#....#.####..####.####
'....#.##..............#.#
######.###..#####.#.##.#.# #
#........>..(#.##.#'########
##########........#.##.......÷...
##.............#.....'...........
##<#######.#...#####.#...........
♣≈'#.......#....@B.[.###.########
♣≈♣.....####..##########.#
≈≈≈♣###.# #.............#######
♣≈≈≈# #(# #.###...............#
≈≈≈≈♣##.####.......).......##..#
≈≈≈P≈≈......................≈≈.#
≈≈≈≈≈≈#.#######......[.....♣≈≈.#
≈≈≈≈≈♣≈............)......P≈≈≈##
≈≈≈≈P♣♣....#####...........#PP#


You could see a worker ant.

Vanquished Creatures
  A hound (D:3)
  An orc wizard (D:3)
  2 adders (D:3)
  2 worms (D:2)
  2 dart slugs
  13 orcs (D:3)
  A ball python (D:1)
  5 bats
  6 giant cockroaches
  3 goblins
  9 hobgoblins
  6 jackals (D:1)
  3 kobolds
  6 oozes
  4 quokkas
  4 frilled lizards
  9 rats
77 creatures vanquished.

Vanquished Creatures (collateral kills)
  An orc (D:3)
  An ooze (D:3)
2 creatures vanquished.

Vanquished Creatures (others)
  14 plants (D:3)
14 creatures vanquished.

Grand Total: 93 creatures vanquished

Notes
Turn   | Place    | Note
-------+----------+-------------------------------------------
     0 | D:1      | rageheart7 the Gnoll Wanderer began the quest for the Orb.
     0 | D:1      | rageheart7 set off with the following items: a +2 dagger, a
                  | scroll of fear, a +0 hand crossbow, 26 bolts, a +0 ring
                  | mail
     0 | D:1      | Reached XP level 1. HP: 20/20 MP: 1/1
   164 | D:1      | Reached XP level 2. HP: 21/26 MP: 2/2
   321 | D:1      | You fall into a shaft and drop 1 floor!
   379 | D:2      | Reached XP level 3. HP: 9/31 MP: 3/3
  1129 | D:2      | Found a bloodstained altar of Trog.
  1162 | D:2      | Found a shimmering blue altar of Sif Muna.
  1681 | D:1      | Reached skill level 1 in Invocations
  2015 | D:1      | Reached skill level 1 in Short Blades
  2015 | D:1      | Reached skill level 1 in Long Blades
  2015 | D:1      | Reached skill level 1 in Maces & Flails
  2015 | D:1      | Reached skill level 1 in Polearms
  2015 | D:1      | Reached skill level 1 in Staves
  2015 | D:1      | Reached skill level 1 in Slings
  2015 | D:1      | Reached skill level 1 in Bows
  2015 | D:1      | Reached skill level 1 in Dodging
  2015 | D:1      | Reached skill level 1 in Shields
  2015 | D:1      | Reached skill level 1 in Unarmed Combat
  2015 | D:1      | Reached skill level 1 in Spellcasting
  2015 | D:1      | Reached skill level 1 in Evocations
  2080 | D:1      | Reached XP level 4. HP: 36/38 MP: 5/5
  2688 | D:3      | Reached skill level 1 in Conjurations
  2688 | D:3      | Reached skill level 1 in Hexes
  2688 | D:3      | Reached skill level 1 in Summonings
  2688 | D:3      | Reached skill level 1 in Necromancy
  2688 | D:3      | Reached skill level 1 in Translocations
  2688 | D:3      | Reached skill level 1 in Transmutations
  2688 | D:3      | Reached skill level 1 in Fire Magic
  2688 | D:3      | Reached skill level 1 in Ice Magic
  2688 | D:3      | Reached skill level 1 in Air Magic
  2688 | D:3      | Reached skill level 1 in Earth Magic
  2688 | D:3      | Reached skill level 1 in Poison Magic
  2962 | D:3      | Found a runed translucent door.
  2963 | D:3      | Noticed Crazy Yiuf
  3370 | D:3      | Reached XP level 5. HP: 8/43 MP: 5/7
  4448 | D:4      | Noticed a phantom
  4488 | D:3      | Slain by a worker ant

Illustrated notes

Levels and vault maps discovered:
D:1:      minmay_arrival_cross, layout_basic
D:2:      minmay_alternating_diamond, layout_loops_cross, lemuel_round_altar,
          nicolae_sif_muna_little_library
D:3:      layout_basic, serial_bayou, serial_bayou_shore_b, serial_bayou_pond_d,
          serial_bayou_shore_b, serial_bayou_lake_a, uniq_crazy_yiuf_cottage
D:4:      minmay_evil_eye, layout_loops_ring, nicolae_ashenzari_panopticon,
          uniq_blork_the_orc, uniq_pikel, uniq_sigmund, uniq_natasha

Skill      XL: |  1  2  3  4  5 |
---------------+----------------+-----
Invocations    | 1 |  1.7
Short Blades   | 1 |  1.5
Long Blades    | 1 |  1.5
Maces & Flails | 1 |  1.5
Polearms       | 1 |  1.5
Staves         | 1 |  1.5
Slings         | 1 |  1.5
Bows           | 1 |  1.5
Dodging        | 1 |  1.5
Shields        | 1 |  1.5
Unarmed Combat | 1 |  1.5
Spellcasting   | 1 |  1.5
Evocations     | 1 |  1.5
Conjurations   | 1 |  1.2
Hexes          | 1 |  1.2
Summonings     | 1 |  1.2
Necromancy     | 1 |  1.2
Translocations | 1 |  1.2
Transmutations | 1 |  1.2
Fire Magic     | 1 |  1.2
Ice Magic      | 1 |  1.2
Air Magic      | 1 |  1.2
Earth Magic    | 1 |  1.2
Poison Magic   | 1 |  1.2
Crossbows      | 3 |  3.0
Throwing       | 3 |  3.0
Fighting       | |  4.8
Axes           | |  6.7
Armour         | |  4.8
Stealth        | |  2.8

Action                   |  1- 3 |  4- 6 || total
-------------------------+-------+-------++-------
Melee: Dagger            |   165 |   124 ||   289
       Bite              |    14 |    10 ||    24
       Hand axe          |       |    48 ||    48
  Use: Scroll            |       |     5 ||     5
       Potion            |       |     3 ||     3
 Stab: Sleeping          |       |     2 ||     2
Armor: Ring mail         |    61 |    60 ||   121
       Skin              |       |    30 ||    30
Dodge: Dodged            |    80 |    69 ||   149
Block: Buckler           |    18 |    26 ||    44

Table legend: (Time is in decaauts)
 A = Elapsed time spent in this place.
 B = Non-inter-level travel time spent in this place.
 C = Inter-level travel time spent in this place.
 D = Time resting spent in this place.
 E = Time spent auto-exploring this place.
 F = Levels seen in this place.
 G = Mean time per level.
                   A        B        C        D        E       F      G
               +--------+--------+--------+--------+--------+-----+--------+
         Total |   4515 |   4354 |    161 |   1183 |   2512 |   4 | 1128.8 |
       Dungeon |   4515 |   4354 |    161 |   1183 |   2512 |   4 | 1128.8 |
               +--------+--------+--------+--------+--------+-----+--------+

Top non-repeatable levels by time:
     D:3: 2149 daAuts
     D:2: 1446 daAuts
     D:1: 907 daAuts
     D:4: 11 daAuts
